 Dungeon Crawl Stone Soup version 0.17-a0-1651-gae1a69f (webtiles) character file.

13440 esc the Blocker (level 12, 0/75 HPs)
             Began as a Gargoyle Fighter on Aug 14, 2015.
             Was a Priest of Okawaru.
             Slain by a komodo dragon (15 damage)
             ... on level 2 of the Lair of Beasts.
             The game lasted 00:39:36 (10843 turns).

esc the Blocker (Gargoyle Fighter)                 Turns: 10843, Time: 00:39:36

Health: 0/75       AC: 25    Str: 21    XL:     12   Next: 6%
Magic:  0/14       EV: 13    Int:  7    God:    Okawaru [***...]
Gold:   586        SH: 12    Dex: 13    Spells: 0 memorised, 11 levels left

rFire  + . .     SeeInvis .     P - +0 morningstar
rCold  + . .     Clarity  .     R - +6 leather armour of the Wasteland {+Fly rElec rC+ MR-}
rNeg   + . .     SustAt   .     c - +0 shield
rPois  ∞         Gourm    .     L - +1 hat
rElec  +         Spirit   +     i - +0 cloak
rCorr  .         Warding  .     F - +1 pair of gloves
rMut   .         Stasis   .     u - +0 pair of boots
MR     .....                    b - amulet of guardian spirit {Spirit}
Stlth  +.........               G - ring of protection from fire {rF+, !d}
                                w - ring of protection from magic {MR+, !d}

@: not resistant to hostile enchantments, very unstealthy
A: dopey 1, low mp 1, negative energy resistance 1, electricity resistance,
unbreathing, petrification resistance, rot immunity, AC +8
a: Heroism, Renounce Religion, Evoke Flight


You were on level 2 of the Lair of Beasts.
You worshipped Okawaru.
Okawaru was most pleased with you.
You were not hungry.

You visited 4 branches of the dungeon, and saw 14 of its levels.
You also visited: Ossuary.

You collected 658 gold pieces.
You spent 72 gold pieces at shops.

Inventory:

Hand weapons
 P - a +0 morningstar (weapon)
   (You found it on level 10 of the Dungeon)
Missiles
 j - 9 throwing nets (quivered) {=f, !d}
 n - 30 poisoned needles
 r - 2 tomahawks
Armour
 c - a +0 shield (worn)
 i - a +0 cloak (worn)
   (You found it on level 8 of the Dungeon)
 l - a +3 scale mail of cold resistance
   (You bought it in a shop on level 4 of the Dungeon)
 u - a +0 pair of boots (worn)
   (You found it on level 4 of the Dungeon)
 F - a +1 pair of gloves (worn)
   (You found it on level 8 of the Dungeon)
 L - a +1 hat (worn)
   (You found it on level 9 of the Dungeon)
 R - the +6 leather armour of the Wasteland (worn) {+Fly rElec rC+ MR-}
   (You found it on level 1 of the Lair of Beasts)

   It protects you from cold.
   It insulates you from electricity.
   It affects your resistance to hostile enchantments.
   It lets you fly.
Jewellery
 b - an amulet of guardian spirit (around neck) {Spirit}
   (You found it on level 7 of the Dungeon)
 g - an uncursed ring of positive energy {rN+}
   (You found it on level 5 of the Dungeon)
 w - a ring of protection from magic (left hand) {MR+, !d}
   (You found it on level 4 of the Dungeon)
 G - a ring of protection from fire (right hand) {rF+, !d}
   (You found it on level 8 of the Dungeon)
 T - an uncursed ring of protection from cold {rC+, !d}
   (You found it on level 2 of the Lair of Beasts)
Magical devices
 k - a wand of digging (8)
   (You found it on level 8 of the Dungeon)
 v - a wand of confusion (0)
   (You found it on level 4 of the Dungeon)
 H - a wand of frost (32)
   (You found it on level 8 of the Dungeon)
 J - a wand of magic darts (8)
   (You found it on level 1 of the Lair of Beasts)
 U - a wand of random effects (12)
   (You found it on level 2 of the Lair of Beasts)
Scrolls
 m - 4 scrolls of remove curse
 o - 3 scrolls of enchant weapon
 s - a scroll of blinking {!r}
 t - 4 scrolls of teleportation
 x - 2 scrolls of amnesia
 y - 2 scrolls of holy word {!r}
 K - a scroll of identify
 M - a scroll of fear
 S - a scroll of recharging
 V - a scroll of enchant armour
Potions
 d - a potion of cure mutation {!q}
 f - 4 potions of heal wounds
 p - 4 potions of degeneration {!q}
 q - a potion of magic
 z - 2 potions of invisibility
 A - a potion of ambrosia {!q}
 B - 2 potions of haste
 C - a potion of mutation {!q}
 D - 3 potions of curing
 N - a potion of poison
 Q - a potion of might
Comestibles
 a - 13 chunks of flesh {@w0}
 e - 10 bread rations {@e1}
 h - 4 meat rations {@e2}
 E - 3 fruits
 I - a royal jelly
 O - a beef jerky


   Skills:
 - Level 8.6 Fighting
 - Level 10.4 Maces & Flails
 - Level 8.3 Armour
 + Level 4.6 Dodging
 - Level 11.2 Shields
 + Level 5.9 Invocations


You had 11 spell levels left.
You didn't know any spells.

Dungeon Overview and Level Annotations

Branches:
Dungeon (10/15)            Temple (1/1) D:4            Lair (2/8) D:8
    Orc (1/4) D:9

Altars:
Ashenzari
Cheibriados
Fedhas
Gozag
Kikubaaqudgha
Makhleb
Nemelex Xobeh
Okawaru
Qazlal
Ru
Sif Muna
Trog
Vehumet
Xom
Yredelemnul
Zin
The Shining One

Shops:
D:4 [   D:5 (   D:9 (

Annotations:
Orc:1 Snorg


Innate Abilities, Weirdness & Mutations

You are resistant to torment.
Your stone body is resilient (AC +8).
You are immune to poison.
You are dopey. (Int -2)
Your magical capacity is low (-10% MP).
You resist negative energy.
You are resistant to electric shocks.
You can survive without breathing.
You are immune to petrification.
You are immune to rotting.


Message History

The eight-headed hydra closely misses you.
The eight-headed hydra bites you but does no damage. x2
The eight-headed hydra closely misses you.
The eight-headed hydra bites you but does no damage.
The eight-headed hydra bites you.
You block the eight-headed hydra's attack.
You take 3 damage, and have 50/69 hp.
You now have 9/13 mp.
You puncture the eight-headed hydra!
You block the eight-headed hydra's attack.
The eight-headed hydra bites you but does no damage.
You block the eight-headed hydra's attack. x2
The eight-headed hydra bites you but does no damage.
The eight-headed hydra bites you.
The eight-headed hydra bites you but does no damage.
The eight-headed hydra bites you.
You take 11 damage, and have 39/69 hp.
You now have 8/13 mp.
You barely miss the eight-headed hydra.
The eight-headed hydra bites you but does no damage. x2
The eight-headed hydra completely misses you.
The eight-headed hydra bites you but does no damage.
The eight-headed hydra barely misses you.
You block the eight-headed hydra's attack. x2
The eight-headed hydra barely misses you.
You impale the eight-headed hydra!!
You block the eight-headed hydra's attack.
The eight-headed hydra bites you but does no damage. x2
You block the eight-headed hydra's attack.
The eight-headed hydra bites you.
You block the eight-headed hydra's attack.
The eight-headed hydra barely misses you.
The eight-headed hydra misses you.
You take 3 damage, and have 36/69 hp.
You now have 7/13 mp.
You sock the eight-headed hydra!
The eight-headed hydra bites you but does no damage. x2
The eight-headed hydra closely misses you. x2
The eight-headed hydra bites you but does no damage. x2
The eight-headed hydra bites you.
You block the eight-headed hydra's attack.
You take 4 damage, and have 32/69 hp.
You now have 6/13 mp.
You impale the eight-headed hydra!!
You kill the eight-headed hydra!
Okawaru is honoured by your kill.
You have reached level 12!
Your experience leads to an increase in your attributes!
Increase (S)trength, (I)ntelligence, or (D)exterity?
You feel agile.
You feel stronger.
You regained 2 hp, and now have 34/75 hp.
You hit the hippogriff but do no damage.
The hippogriff bites you.
The hippogriff pecks you but does no damage.
The hippogriff closely misses you.
You take 2 damage, and have 32/75 hp.
You puncture the hippogriff!
The hippogriff bites you but does no damage.
You block the hippogriff's attack. x2
You barely miss the hippogriff.
The hippogriff bites you but does no damage.
You block the hippogriff's attack.
The hippogriff claws you but does no damage.
You hit the hippogriff.
The hippogriff bites you but does no damage.
You block the hippogriff's attack. The hippogriff closely misses you.
You barely miss the hippogriff. You block the hippogriff's attack.
You block the hippogriff's attack.
The hippogriff claws you but does no damage.
You barely miss the hippogriff.
The hippogriff bites you but does no damage.
The hippogriff barely misses you.
The hippogriff claws you but does no damage.
You hit the hippogriff but do no damage.
The hippogriff bites you but does no damage.
The hippogriff pecks you but does no damage.
You block the hippogriff's attack.
Aim: a hippogriff (almost dead)
The hippogriff seems to speed up.
Evoking this partially-identified wand wasted a few charges.
The hippogriff bites you but does no damage.
The hippogriff closely misses you. The hippogriff barely misses you.
The hippogriff closely misses you. You block the hippogriff's attack.
The hippogriff misses you.
You hit the hippogriff.
You kill the hippogriff!
Okawaru accepts your kill.
You sock the komodo dragon! The komodo dragon bites you!
You take 8 damage, and have 26/75 hp.
You now have 6/14 mp.
You hit the komodo dragon. The komodo dragon misses you.
You completely miss the komodo dragon.
The komodo dragon completely misses you.
You hit the komodo dragon. You block the komodo dragon's attack.
You thump the komodo dragon! The komodo dragon bites you!
* * * LOW HITPOINT WARNING * * *
You take 13 damage, and have 14/75 hp.
You now have 3/14 mp.
You are too injured to fight recklessly!
You sock the komodo dragon! You block the komodo dragon's attack.
You hit the komodo dragon but do no damage.
You block the komodo dragon's attack.
You hit the komodo dragon but do no damage.
You block the komodo dragon's attack.
You closely miss the komodo dragon. The komodo dragon bites you!!
You die...

#.....................
#.....................
##....##..P......§.....
#...l###..#............
##...###..P............
##..D.##..P.......[....
#P...###..P.....:......
##....###..P............
##.....l@...........[....
#.....#####.#............
#P...### ####....P#.PP...
##....#.###P###...####....
#............##....# ##...
#.###P#..###.##...## #....
##* ####...#......####....
#............###...
#.##..##.....##..÷.


You could see a komodo dragon.

Vanquished Creatures
  2 hydras (Lair:2)
  A hill giant (D:10)
  The ghost of Rayvis the Cleaver, an experienced MiFi of Makhleb (D:5)
  2 black mambas
  Psyche (D:10)
  A fire drake (Lair:1)
  3 komodo dragons
  A spriggan (D:7)
  16 yaks
  A deep elf mage (D:9)
  4 hippogriffs
  Menkaure (D:4)
  5 wolves (Lair:2)
  2 wargs (D:8)
  3 orc warriors
  4 porcupines
  4 sky beasts
  Duvessa (D:5)
  2 ogres
  An ice beast (D:6)
  A black bear (Lair:1)
  A phantom (D:6)
  2 crocodiles
  A necrophage (D:10)
  5 centaurs
  2 big kobolds
  2 giant frogs
  Dowan (D:5)
  A wyvern skeleton (D:6)
  A scorpion (D:6)
  3 wights (D:6)
  7 killer bees (D:10)
  2 centaur zombies
  3 crimson imps
  3 hounds
  A jelly (D:7)
  A giant frog zombie (D:3)
  9 iguanas
  2 giant frog skeletons
  6 orc wizards
  A centaur skeleton (D:6)
  6 orc priests
  11 worker ants
  2 big kobold zombies (Ossuary)
  A hound zombie (D:9)
  2 hound skeletons
  6 mummies (Ossuary)
  14 gnolls
  16 river rats (Lair:1)
  7 adders
  2 shadow imps
  2 worms (D:2)
  4 giant geckos
  20 orcs
  2 ball pythons (D:2)
  5 bats
  6 hobgoblins
  15 kobolds
  5 quokkas
  6 giant cockroaches
  A giant gecko zombie (D:8)
  5 giant newts
  5 goblins
  A hobgoblin zombie (Ossuary)
  15 jackals
  2 quokka skeletons
  8 rats
280 creatures vanquished.

Vanquished Creatures (others)
  A fungus (Lair:1)
  A plant (Lair:2)
2 creatures vanquished.

Grand Total: 282 creatures vanquished

Notes
Turn   | Place    | Note
--------------------------------------------------------------
     0 | D:1      | esc the Gargoyle Fighter began the quest for the Orb.
     0 | D:1      | Reached XP level 1. HP: 14/14 MP: 1/1
   206 | D:1      | Reached XP level 2. HP: 17/19 MP: 2/2
   803 | D:2      | Found a faded altar to an unknown god.
   804 | D:2      | Found a sacrificial altar of Ru.
   842 | D:2      | Reached XP level 3. HP: 22/24 MP: 3/3
   851 | D:2      | Became a worshipper of Ru the Awakened
   875 | D:2      | Gained mutation: You are dopey. (Int -2) [Ru sacrifice]
   890 | D:2      | Found a sparkling altar of Nemelex Xobeh.
  1382 | D:2      | Reached XP level 4. HP: 21/29 MP: 4/4
  1917 | D:3      | Reached skill level 4 in Fighting
  1917 | D:3      | Reached skill level 1 in Dodging
  2102 | D:3      | Reached skill level 4 in Armour
  2119 | D:3      | Reached skill level 3 in Maces & Flails
  2119 | D:3      | Reached skill level 4 in Shields
  2119 | D:3      | Reached XP level 5. HP: 19/33 MP: 5/5
  2299 | D:3      | HP: 3/33 [orc wizard/war axe (6)]
  2922 | D:4      | Found a staircase to the Ecumenical Temple.
  2947 | D:4      | Reached XP level 6. HP: 37/39 MP: 6/6
  2959 | D:4      | Found Mamae's Antique Armour Shoppe.
  2962 | D:4      | Noticed Menkaure
  2965 | D:4      | Killed Menkaure
  3005 | D:4      | Bought a glowing scale mail for 72 gold pieces
  3362 | D:4      | Reached skill level 5 in Fighting
  3362 | D:4      | Reached skill level 4 in Maces & Flails
  3362 | D:4      | Reached skill level 5 in Shields
  3362 | D:4      | Reached XP level 7. HP: 36/44 MP: 7/7
  3372 | D:5      | Entered Level 5 of the Dungeon
  3403 | D:5      | Found Esoeminoosm's Weapon Boutique.
  3440 | D:5      | Noticed Rayvis's ghost (experienced MiFi)
  3477 | D:5      | HP: 5/44 [Rayvis's ghost (8)]
  3482 | D:5      | Killed Rayvis's ghost
  3482 | D:5      | Reached skill level 5 in Armour
  3482 | D:5      | Reached XP level 8. HP: 18/51 MP: 8/8
  3734 | D:5      | Gained mutation: Your magical capacity is low (-10% MP). [Ru sacrifice]
  3990 | D:5      | Found a glowing golden altar of the Shining One.
  4052 | D:5      | Found a basalt altar of Yredelemnul.
  4231 | D:5      | Noticed Duvessa
  4231 | D:5      | Noticed Dowan
  4258 | D:5      | Killed Duvessa
  4258 | D:5      | Reached skill level 6 in Fighting
  4258 | D:5      | Reached skill level 5 in Maces & Flails
  4258 | D:5      | Reached skill level 6 in Shields
  4262 | D:5      | Killed Dowan
  4371 | D:6      | Reached skill level 6 in Armour
  4373 | D:6      | Found a shattered altar of Ashenzari.
  4478 | D:6      | Found an ancient bone altar of Kikubaaqudgha.
  4729 | D:6      | Reached XP level 9. HP: 53/56 MP: 8/8
  4758 | D:6      | Reached skill level 7 in Fighting
  4823 | D:6      | Reached skill level 6 in Maces & Flails
  4823 | D:6      | Reached skill level 7 in Shields
  5002 | D:6      | Reached skill level 7 in Armour
  5747 | D:7      | Found a sand-covered staircase.
  5780 | Ossuary  | Entered an ossuary
  6192 | D:7      | Reached skill level 8 in Fighting
  6298 | D:7      | Noticed a hill giant
  6327 | D:6      | Reached skill level 7 in Maces & Flails
  6452 | D:8      | Reached skill level 8 in Shields
  6707 | D:8      | Reached skill level 8 in Armour
  6741 | D:8      | Found a shimmering altar of Xom.
  6815 | D:8      | Reached XP level 10. HP: 60/64 MP: 7/9
  6883 | D:8      | Found a staircase to the Lair.
  7490 | D:9      | Found a staircase to the Orcish Mines.
  7678 | D:9      | Found Tigg's Antique Weapon Boutique.
  7692 | D:9      | Reached skill level 8 in Maces & Flails
  7820 | D:9      | Found a snail-covered altar of Cheibriados.
  7876 | D:10     | Entered Level 10 of the Dungeon
  7908 | D:10     | Reached skill level 9 in Shields
  8118 | D:10     | Noticed Psyche
  8127 | D:10     | Killed Psyche
  8171 | D:10     | Reached skill level 9 in Maces & Flails
  8198 | D:10     | Noticed a hill giant
  8224 | D:10     | Noticed a cyclops
  8231 | D:10     | Killed a hill giant
  8231 | D:10     | Reached skill level 10 in Shields
  8294 | Orc:1    | Entered Level 1 of the Orcish Mines
  8294 | Orc:1    | Noticed Snorg
  8413 | Lair:1   | Entered Level 1 of the Lair of Beasts
  8483 | Lair:1   | Reached XP level 11. HP: 55/69 MP: 8/9
  8635 | Lair:1   | Reached skill level 10 in Maces & Flails
  8895 | Temple   | Entered the Ecumenical Temple
  8896 | Temple   | Fell from the grace of Ru
  8907 | Temple   | Became a worshipper of Warmaster Okawaru
  9153 | Lair:1   | Reached skill level 11 in Shields
  9507 | Lair:1   | Noticed a black mamba
  9532 | Lair:1   | Killed a black mamba
  9532 | Lair:1   | Acquired Okawaru's first power
  9813 | Lair:1   | Got a crude leather armour
  9814 | Lair:1   | Identified the +6 leather armour of the Wasteland {+Fly rElec rC+ MR-} (You found it on level 1 of the Lair of Beasts)
  9879 | Lair:1   | Reached skill level 1 in Invocations
 10048 | Lair:1   | Reached skill level 2 in Dodging
 10048 | Lair:1   | Reached skill level 2 in Invocations
 10373 | Lair:2   | Reached skill level 3 in Invocations
 10512 | Lair:2   | Noticed a five-headed hydra
 10522 | Lair:2   | Killed a five-headed hydra
 10522 | Lair:2   | Reached skill level 3 in Dodging
 10522 | Lair:2   | Reached skill level 4 in Invocations
 10688 | Lair:2   | Reached skill level 5 in Invocations
 10693 | Lair:2   | Reached skill level 4 in Dodging
 10801 | Lair:2   | Noticed an eight-headed hydra
 10825 | Lair:2   | Killed an eight-headed hydra
 10825 | Lair:2   | Reached XP level 12. HP: 34/75 MP: 6/14
 10839 | Lair:2   | HP: 14/75 [komodo dragon (13)]
 10843 | Lair:2   | Slain by a komodo dragon

Vault maps used:
D:1:      minmay_arrival_glassed_features
D:2:      old_standard_altar, nicolae_overflow_hidden_temple, ecumenical_altar_1
D:4:      minmay_temple_entry_metal_lava, serial_shops, nicolae_shop_stone,
          uniq_menkaure
D:5:      lemuel_crystal_altar, serial_shops, shop, basic_altar, first_bread,
          uniq_duvessa
D:6:      kiku_gazebo_garden_becter, evilmike_ruin_ashenzari
D:7:      nicolae_ossuary_entry_false_entrances, the_bakery
D:8:      tgw_xom, erik_lair_orcish_takeover
D:9:      kennysheep_mini, serial_shops, shop
D:10:     uniq_psyche
Temple:   circular_temple_13
Lair:1:   nicolae_volcano_entry_hallway, eino_small_chamber_without_monster
Orc:1:    serial_shops, shop_coins, sword_in_stone, uniq_snorg
Ossuary:  ossuary_the_hunt_dpeg

Action                   |  1- 3 |  4- 6 |  7- 9 | 10-12 || total
-------------------------+-------+-------+-------+-------++-------
Melee: Flail             |   129 |   162 |   594 |   224 ||  1109
       Morningstar       |       |       |       |   531 ||   531
Throw: Throwing net      |       |       |       |     2 ||     2
Invok: Sacrifice Purity  |     1 |       |       |       ||     1
       Sacrifice Essence |       |       |     1 |       ||     1
       Reject Sacrifices |       |       |     1 |     1 ||     2
       Renounce Religion |       |       |       |     1 ||     1
Evoke: Wand              |       |     1 |     5 |    17 ||    23
  Use: Scroll            |     9 |     1 |     7 |    10 ||    27
       Potion            |       |     2 |     4 |       ||     6
 Stab: Confused          |       |       |       |     2 ||     2
  Eat: Chunk             |     2 |     6 |     9 |    14 ||    31
       Pizza             |       |       |     2 |       ||     2
       Beef jerky        |       |       |     1 |       ||     1

Vault maps used:
D:1:      minmay_arrival_glassed_features
D:2:      old_standard_altar, nicolae_overflow_hidden_temple, ecumenical_altar_1
D:4:      minmay_temple_entry_metal_lava, serial_shops, nicolae_shop_stone,
          uniq_menkaure
D:5:      lemuel_crystal_altar, serial_shops, shop, basic_altar, first_bread,
          uniq_duvessa
D:6:      kiku_gazebo_garden_becter, evilmike_ruin_ashenzari
D:7:      nicolae_ossuary_entry_false_entrances, the_bakery
D:8:      tgw_xom, erik_lair_orcish_takeover
D:9:      kennysheep_mini, serial_shops, shop
D:10:     uniq_psyche
Temple:   circular_temple_13
Lair:1:   nicolae_volcano_entry_hallway, eino_small_chamber_without_monster
Orc:1:    serial_shops, shop_coins, sword_in_stone, uniq_snorg
Ossuary:  ossuary_the_hunt_dpeg

Table legend:
 A = Turns spent in this place as a percentage of turns spent in the entire game.
 B = Non-inter-level travel turns spent in this place as a percentage of non-inter-level travel turns spent in the entire game.
 C = Inter-level travel turns spent in this place as a percentage of turns spent in this place.
 D = Turns resting spent in this place as a percentage of non-inter-level travel turns spent in this place.
 E = Turns spent auto-exploring this place as a percentage of non-inter-level travel turns spent in this place.
 F = Non-inter-level travel turns spent in this place divided by the number of levels of this place that you've seen.
                   A       B       C       D       E      F
               +-------+-------+-------+-------+-------+----------------------
         Total | 100.0 | 100.0 |   0.4 |   1.6 |   6.4 | 258.1
       Dungeon |  75.0 |  74.9 |   0.5 |   1.5 |   6.8 | 290.2
        Temple |   0.7 |   0.7 |   0.0 |   0.0 |   0.0 |  28.0
          Lair |  17.5 |  17.6 |   0.3 |   2.4 |   6.0 | 340.0
  Orcish Mines |   0.0 |   0.0 |   0.0 |   0.0 |   0.0 |   1.0
       Ossuary |   6.7 |   6.7 |   0.0 |   0.8 |   3.8 | 261.0
               +-------+-------+-------+-------+-------+----------------------

Table legend:
 A = Kills in this place as a percentage of kills in entire the game.
 B = Kills by you in this place as a percentage of kills by you in the entire game.
 C = Kills by friends in this place as a percentage of kills by friends in the entire game.
 D = Other kills in this place as a percentage of other kills in the entire game.
 E = Experience gained in this place as a percentage of experience gained in the entire game.
 F = Experience gained in this place divided by the number of levels of this place that you have seen.
                   A       B       C       D       E      F
               +-------+-------+-------+-------+-------+----------------------
         Total | 100.0 | 100.0 |  -nan |  -nan | 100.0 | 1280.0
       Dungeon |  76.1 |  76.1 |  -nan |  -nan |  45.8 | 879.1
          Lair |  20.4 |  20.4 |  -nan |  -nan |  53.1 | 5097.5
       Ossuary |   3.6 |   3.6 |  -nan |  -nan |   1.1 | 214.0
               +-------+-------+-------+-------+-------+----------------------
